 Dungeon Crawl Stone Soup version 0.31-a0-1074-g0b22e4e0f1 (webtiles) character file.

Game seed: 6273502435785614514

63 BigPumpCobain the Ruffian (level 3, 0/36 HPs)
             Began as a Troll Fighter on Dec 4, 2023.
             Slain by a goblin
             ... wielding a +0 club
             ... led by Robin
              (5 damage)
             ... on level 2 of the Dungeon.
             The game lasted 00:01:58 (611 turns).

BigPumpCobain the Ruffian (Troll Fighter)            Turns: 611, Time: 00:01:59

Health: 0/36       AC:  4    Str: 26    XL:     3   Next: 89%
Magic:  2/2        EV:  8    Int:  4    God:
Gold:   123        SH:  7    Dex:  9    Spells: 2/2 levels left

rFire   . .          .
                       - Unarmed
rCold   . . .        b - +0 kite shield
rNeg    . . .        a - +0 robe
rPois   .            (helmet restricted)
rElec   .            (no cloak)
rCorr   .            (gloves unavailable)
SInv    .            (boots unavailable)
Will    .....        (no amulet)
Stlth   +            (no ring)
HPRegen 1.06/turn    (no ring)
MPRegen 0.08/turn

%: no passive effects
@: no status effects
A: large, unfitting armour, claws 3, regeneration 1, shaggy fur 1, tough skin 1
a: no special abilities


You were on level 2 of the Dungeon.
You visited 1 branch of the dungeon, and saw 2 of its levels.

You collected 123 gold pieces.

Inventory:

Armour
 a - a +0 robe (worn)
 b - a +0 kite shield (worn)
Scrolls
 f - 2 scrolls of identify {unknown}
 g - a scroll of noise {unknown}
 h - a scroll of teleportation {unknown}
 j - a scroll of revelation {unknown}
 k - a scroll of fear {unknown}
 l - 2 scrolls of torment {unknown}
 m - a scroll of enchant armour {unknown}
Potions
 c - a potion of might
 d - a potion of mutation {unknown}
 e - a potion of magic {unknown}
 i - a potion of attraction {unknown}
 n - a potion of haste {unknown}


   Skills:
 + Level 2.9 Fighting
 - Level 2.4 Dodging
 + Level 3.1 Shields
 * Level 3.3 Unarmed Combat


You had 2 spell levels left.
You didn't know any spells.
Your spell library was empty.

Dungeon Overview and Level Annotations

Branches:
Dungeon (2/15)

Altars:

Annotations:
D:2 Robin


Innate Abilities, Weirdness & Mutations

You are too large for most types of armour.
You have claws for hands.
Your natural rate of healing is unusually fast.
You are covered in fur. (AC +1)
You have tough skin. (AC +1)


Message History

A goblin comes into view.
It is wielding a +0 dagger. 2 goblins come into view.
The goblin shouts! x2; Robin shouts!
Robin throws the goblin at you! You block the goblin's attack.
You hear a shout!
You miss the goblin.
A bat comes into view.
A kobold comes into view. It is wielding a +0 dagger.
You block the goblin's attack.
The bat moves out of view.
You claw the goblin!
You kill the goblin!
The goblin hits you but does no damage. The hobgoblin hits you.
A goblin comes into view. It is wielding a +0 club.
The goblin barely misses you.
The goblin shouts!
You scratch the goblin.
You kill the goblin!
The hobgoblin hits you but does no damage.
The goblin hits you with a +0 club. The hobgoblin hits you.
Robin roars a battlecry!
The goblins go into a battle-frenzy!
You claw the goblin!
You kill the goblin!
The hobgoblin hits you but does no damage.
The hobgoblin closely misses you. The goblin hits you with a +0 club.
You closely miss the goblin. The goblin barely misses you.
You block the hobgoblin's attack. x2; The goblin hits you with a +0 club.
You closely miss the goblin. The goblin hits you with a +0 dagger.
The goblin hits you with a +0 club. You block the hobgoblin's attack.
The hobgoblin hits you.
Robin hits you from afar with a +0 spear.
You block the goblin's attack.
A quokka comes into view.
The goblin hits you with a +0 dagger. The goblin hits you with a +0 club.
* * * LOW HITPOINT WARNING * * *
You block the hobgoblin's attack.
Robin hits you from afar with a +0 spear.
* * * LOW HITPOINT WARNING * * *
The goblin hits you with a +0 club.
You die...

........... ........#
........### ####
..........# #..
..........# ###.#######
.......##.# #..........
#.........# #...K......
#.###.....# #..gg.....r
#.#.......# +..@ggg....
#.###.....####.ggg......
#. +.....#.............
# #...................
+....##.###########.
#....##.# #######.# #
#.# ..#


You could see Robin, a quokka (wandering), 2 hobgoblins, 5 goblins and a kobold.

Vanquished Creatures
  3 adders (D:2)
  A dart slug (D:1)
  6 bats (D:1)
  3 endoplasms (D:1)
  7 goblins
  5 hobgoblins
  A quokka (D:1)
  2 ball pythons (D:1)
  A frilled lizard (D:1)
  A kobold (D:1)
  4 rats
34 creatures vanquished.

Notes
Turn   | Place    | Note
-------+----------+-------------------------------------------
     0 | D:1      | BigPumpCobain the Troll Fighter began the quest for the
                  | Orb.
     0 | D:1      | Reached XP level 1. HP: 22/22 MP: 0/0
    47 | D:1      | Found a faded altar of an unknown god.
    61 | D:1      | Reached XP level 2. HP: 20/29 MP: 1/1
   413 | D:2      | Reached XP level 3. HP: 36/36 MP: 2/2
   604 | D:2      | Noticed Robin
   611 | D:2      | Slain by a goblin

Illustrated notes

Levels and vault maps discovered:
D:1:      heliophobic_arrival_battle_scene, layout_rooms,
          hellmonk_ecumenical_altar_pennies_from_heaven
D:2:      layout_basic, uniq_robin

Skill      XL: |  1  2  3 |
---------------+----------+-----
Shields        | 3 |  3.1
Unarmed Combat | 3 |  3.3
Fighting       | |  2.9
Dodging        | |  2.4

Action                     || total
---------------------------++-------
  Melee: Unarmed           ||    85
    Use: Scroll            ||     1
 Armour: Robe              ||    57
  Dodge: Dodged            ||    28
  Block: Kite shield       ||    34

Table legend: (Time is in decaauts)
 A = Elapsed time spent in this place.
 B = Non-inter-level travel time spent in this place.
 C = Inter-level travel time spent in this place.
 D = Time resting spent in this place.
 E = Time spent auto-exploring this place.
 F = Levels seen in this place.
 G = Mean time per level.
                   A        B        C        D        E       F      G
               +--------+--------+--------+--------+--------+-----+--------+
         Total |    616 |    601 |     15 |      0 |    422 |   2 |  308.0 |
       Dungeon |    616 |    601 |     15 |      0 |    422 |   2 |  308.0 |
               +--------+--------+--------+--------+--------+-----+--------+

Top non-repeatable levels by time:
     D:1: 378 daAuts
     D:2: 237 daAuts
